AoeStats
← waLLefps.

Pilgrims

507333149Analyzed
2v2 RM · 14d ago on Sep 17, 2026· 24m 39s· 4 players
Game mode
Random Map
Map size
Medium (4 player)
Population
200
Speed
Normal
Resources
Standard
Victory
Conquest
Starting age
Dark Age
Ending age
Imperial Age
RankedLock teamsTeams togetherTeam positionsShared explorationLock speedFull tech treeHidden civsTurbo modeCheats
Victory
Defeat
🇺🇸 Britons · United States
1483
+16
🇩🇪 Persians · Germany
1445
+18
🇹🇷 Saracens · Türkiye
1489
-17
🇹🇷 Georgians · Türkiye
1482
-17
SylPags
7:53 Loom
10:27 Feudal Age
8:43 Loom
11:41 Double-Bit Axe
14:08 Fletching
16:27 Castle Age
14:27 Gold Mining
16:34 Crossbowman
17:14 Bodkin Arrow
18:12 Bow Saw
17:43 Horse Collar
25:06 Ballistics
KingQP
9:57 Feudal Age
10:33 Double-Bit Axe
14:29 Fletching
17:32 Castle Age
18:22 Medium Warships
19:12 Bloodlines
19:39 Clinker Construction
19:24 Loom
22:56 Town Watch
Tameryig1t
8:55 Loom
12:29 Feudal Age
13:27 Double-Bit Axe
13:37 Gold Mining
15:57 Fletching
21:46 Castle Age
waLLefps.
5:07 Loom
13:49 Feudal Age
15:12 Double-Bit Axe
15:47 Fletching
19:59 Castle Age
18:19 Gold Mining
21:17 Medium Warships
21:07 Bodkin Arrow
24:53 Ballistics
Connection lost

Rejoining the realm…

Still unreachable

The connection could not be restored.

Session expired

The server has moved on; the page needs a fresh start.